 Dungeon Crawl Stone Soup version 0.30-a0-58-gc0703345a7 (webtiles) character file.

Game seed: 5931012010071982511

73 porpoise the Poker (level 4, -4/35 HPs)
             Began as a Demonspawn Gladiator on Sept 12, 2022.
             Slain by an orc
             ... wielding a +1 flail of protection
              (6 damage)
             ... on level 3 of the Dungeon.
             The game lasted 00:04:21 (2887 turns).

porpoise the Poker (Demonspawn Gladiator)           Turns: 2887, Time: 00:04:22

Health: -4/35      AC:  4    Str: 14    XL:     4   Next: 8%
Magic:  4/4        EV: 12    Int:  9    God:
Gold:   79         SH:  4    Dex: 17    Spells: 3/3 levels left

rFire   . . .      SeeInvis .    a - +0 trident
rCold   . . .      Faith    .    n - +0 buckler
rNeg    . . .      Spirit   .    b - +0 leather armour
rPois   .          Reflect  .    c - +0 helmet
rElec   .          Harm     .    (no cloak)
rCorr   .          Rampage  .    (no gloves)
Will    .....                    (no boots)
Stlth   +.........               (no amulet)
HPRegen 0.11/turn                (no ring)
MPRegen 0.09/turn                (no ring)

@: no status effects
A: hooves 1, ignite blood 1
a: no special abilities


You were on level 3 of the Dungeon.
You visited 1 branch of the dungeon, and saw 3 of its levels.

You collected 79 gold pieces.

Inventory:

Hand Weapons
 a - a +0 trident (weapon)
Missiles
 d - 3 throwing nets
 e - a javelin
 j - 12 poisoned darts (quivered)
 o - 3 boomerangs
Armour
 b - a +0 leather armour (worn)
 c - a +0 helmet (worn)
 n - a +0 buckler (worn)
Magical Staves
 s - a staff of poison
Scrolls
 f - a scroll of teleportation {unknown}
 g - a scroll of noise {unknown}
 h - 2 scrolls of amnesia {unknown}
 i - a scroll of immolation {unknown}
 l - a scroll of identify
 q - a scroll of blinking {unknown}
 r - a scroll of silence {unknown}
 u - a scroll of enchant armour {unknown}
 v - a scroll of enchant weapon {unknown}
 w - a scroll of torment {unknown}
Potions
 k - a potion of invisibility {unknown}
 m - a potion of lignification {unknown}
 p - a potion of might {unknown}
 t - a potion of attraction


   Skills:
 + Level 3.3 Fighting
 + Level 3.7 Polearms
 - Level 1.7 Throwing
 - Level 2.6 Dodging


You had 3 spell levels left.
You didn't know any spells.
Your spell library contained the following spells:

 Spells                   Type           Power      Damage    Failure   Level
 Conjure Flame            Conj/Fire      0%         6-21      91%         3
 Ignite Poison            Fire/Tmut/Pois 0%         N/A       91%         3
 Sticky Flame             Conj/Fire      0%         2d3       100%        4


Dungeon Overview and Level Annotations

Branches:
Dungeon (3/15)

Altars:

Shops:
D:3 (


Innate Abilities, Weirdness & Mutations

You have large cloven feet.
Your demonic aura sometimes causes spilled blood to erupt in flames.


Message History

An orc comes into view. It is wielding a +0 short sword.
An orc comes into view. It is wielding a +0 trident.
The orc shouts! x2
An orc comes into view.
It is wielding a +1 flail of protection.
The orc shouts!
You reach to attack!
You puncture the ball python!
You kill the ball python!
You closely miss the orc. You block the orc's attack.
You closely miss the orc. Your kick misses the orc. The orc barely misses you.
You closely miss the orc. You kick the orc, but do no damage. You hit the orc.
The orc is almost dead.
The orc misses you. The orc hits you with a +0 club.
The orc hits you but does no damage.
The orc hits you from afar with a +0 trident.
You barely miss the orc.
The orc is almost dead.
The orc hits you from afar with a +0 trident.
You block the orc's attack. The orc closely misses you.
You closely miss the orc.
The orc is almost dead.
The orc hits you from afar with a +0 trident.
The orc closely misses you. The orc hits you but does no damage.
You hit the orc.
You kill the orc!
The orc hits you from afar with a +0 trident.
The orc hits you with a +0 short sword.
The orc hits you with a +1 flail of protection.
* * * LOW HITPOINT WARNING * * *
You are too injured to fight recklessly!
Unknown command.
You aren't carrying any items that you can evoke.
As you read the scroll labelled LAOTZA QIUSS, it crumbles to dust.
It is a scroll of identify.
t - a potion of attraction You block the orc's attack.
The orc hits you from afar with a +0 trident!
* * * LOW HITPOINT WARNING * * *
The orc hits you with a +1 flail of protection.
You die...

#
#.#............#.#####....
#.##########..#...........
.....................
########.#.......####
......# #.#.......#
....... #...####### ##
o......#######+#########.
.ooo...#........#.....##.
..S.o..#@)......#.....##.
.......#ooo.....'.....##.
.......#o.......#.....##.
.....S..........#####.##.
...........(....# #....
####............# ##...
#....######### #... #....#
#... #....# #...


You could see 4 orcs.

Vanquished Creatures
  Terence (D:2)
  A worm (D:2)
  An orc (D:3)
  4 ball pythons
  7 endoplasms
  4 giant cockroaches (D:2)
  4 goblins
  3 hobgoblins
  2 jackals (D:1)
  A quokka (D:2)
  3 bats
  6 frilled lizards
  2 kobolds (D:3)
  2 rats (D:1)
41 creatures vanquished.

Notes
Turn   | Place    | Note
-------+----------+-------------------------------------------
     0 | D:1      | porpoise the Demonspawn Gladiator began the quest for the
                  | Orb.
     0 | D:1      | Reached XP level 1. HP: 16/16 MP: 1/1
   619 | D:1      | Gained mutation: Your demonic aura sometimes causes spilled
                  | blood to erupt in flames. [demonic ancestry]
   619 | D:1      | Reached XP level 2. HP: 23/23 MP: 2/2
  1613 | D:2      | Gained mutation: You have large cloven feet. [demonic
                  | ancestry]
  1613 | D:2      | Reached XP level 3. HP: 13/28 MP: 3/3
  1955 | D:2      | Noticed Terence
  1963 | D:2      | Killed Terence
  2658 | D:3      | Reached XP level 4. HP: 30/35 MP: 4/4
  2784 | D:3      | Found Aryesm's Antique Weapon Shop.
  2887 | D:3      | Slain by an orc

Illustrated notes

Levels and vault maps discovered:
D:1:      elethiomel_arrival_maze, layout_loops_corners
D:2:      layout_basic, uniq_terence
D:3:      layout_basic, serial_shops, shop, uniq_natasha

Skill      XL: |  1  2  3 |
---------------+----------+-----
Polearms       | 3 |  3.7
Fighting       | 3 |  3.3
Throwing       | |  1.7
Dodging        | |  2.6

Action                   |  1- 3 |  4- 6 || total
-------------------------+-------+-------++-------
Melee: Trident           |   105 |    11 ||   116
       Punch             |     1 |       ||     1
       Kick              |     2 |     2 ||     4
Throw: Dart              |       |     4 ||     4
  Use: Scroll            |       |     1 ||     1
 Stab: Sleeping          |     3 |       ||     3
       Distracted        |     1 |       ||     1
Armor: Leather armour    |    21 |     3 ||    24
Dodge: Dodged            |    52 |     4 ||    56
Block: Buckler           |     6 |     5 ||    11

Table legend: (Time is in decaauts)
 A = Elapsed time spent in this place.
 B = Non-inter-level travel time spent in this place.
 C = Inter-level travel time spent in this place.
 D = Time resting spent in this place.
 E = Time spent auto-exploring this place.
 F = Levels seen in this place.
 G = Mean time per level.
                   A        B        C        D        E       F      G
               +--------+--------+--------+--------+--------+-----+--------+
         Total |   2907 |   2837 |     70 |    654 |   1860 |   3 |  969.0 |
       Dungeon |   2907 |   2837 |     70 |    654 |   1860 |   3 |  969.0 |
               +--------+--------+--------+--------+--------+-----+--------+

Top non-repeatable levels by time:
     D:2: 1366 daAuts
     D:1: 1241 daAuts
     D:3: 299 daAuts
